 Dungeon Crawl Stone Soup version 0.20-a0-647-gf178af5 (webtiles) character file.

9347 GameOver the Unseen (level 11, 0/103 HPs)
             Began as a Naga Wizard on Feb 15, 2017.
             Was an Elder of Cheibriados.
             Slain by a wyvern skeleton (12 damage)
             ... on level 10 of the Dungeon.
             The game lasted 00:59:11 (6568 turns).

GameOver the Unseen (Naga Wizard)                   Turns: 6568, Time: 00:59:12

Health: 0/103      AC: 12    Str: 18    XL:     11   Next: 45%
Magic:  5/17       EV: 10    Int: 31    God:    Cheibriados [****..]
Gold:   580        SH:  0    Dex: 19    Spells: 8/16 levels left

rFire    . . .     SeeInvis +   w - +1 war axe (elec)
rCold    . . .     Gourm    +   h - +0 troll leather armour
rNeg     + . .     Faith    .   (no shield)
rPois    +         Spirit   .   n - +1 helmet
rElec    .         Reflect  .   Z - +1 cloak {rPois}
rCorr    .         Harm     .   K - +0 pair of gloves
MR       +....                  (no barding)
Stlth    +++++++...             E - amulet of the gourmand
Regen    0.7/turn               V - ring of positive energy
MPRegen  0.2/turn               T - ring of stealth

@: lethally poisoned (0 -> 0), slowed, very slow
A: see invisible, deformed body, poison resistance, slowness 2, slow metabolism
1, spit poison 1, AC +3
a: Spit Poison, Bend Time, Temporal Distortion, Slouch, Renounce Religion


You were on level 10 of the Dungeon.
You worshipped Cheibriados.
Cheibriados was greatly pleased with you.
You were not hungry.

You visited 1 branch of the dungeon, and saw 10 of its levels.

You collected 580 gold pieces.

Inventory:

Hand Weapons
 c - a +2 flail of freezing
 q - a +1 shortbow
 u - a +0 dagger of venom
 w - a +1 war axe of electrocution (weapon)
Missiles
 f - 106 arrows
 l - 113 bolts
 A - 5 poisoned tomahawks (quivered)
 O - 7 tomahawks
Armour
 h - a +0 troll leather armour (worn)
 n - a +1 helmet (worn)
 K - a +0 pair of gloves (worn)
 Z - a +1 cloak of poison resistance (worn)
Magical Staves
 N - an uncursed staff of wizardry
Jewellery
 E - an amulet of the gourmand (around neck)
 J - an uncursed ring of fire
 T - a ring of stealth (left hand)
 V - a ring of positive energy (right hand)
Wands
 b - a wand of confusion (19/48)
 B - a wand of scattershot (6/9)
 R - a wand of acid (8/15)
 W - a wand of lightning (7/15)
 X - a wand of polymorph (11/24)
 Y - a wand of polymorph (13/24)
Scrolls
 a - a scroll of summoning {unknown}
 m - a scroll of recharging
 p - 4 scrolls of teleportation
 r - a scroll of identify
 s - 4 scrolls of remove curse
 t - 2 scrolls of amnesia {unknown}
 y - a scroll of immolation {unknown}
 z - 3 scrolls of enchant weapon
 C - 2 scrolls of fog {unknown}
 G - a scroll of random uselessness {unknown}
 I - a scroll of fear {unknown}
 L - 2 scrolls of magic mapping {unknown}
 M - a scroll of enchant armour {unknown}
 P - a scroll of noise {unknown}
 Q - a scroll of blinking
 U - a scroll of vulnerability {unknown}
Potions
 g - a potion of might
 i - 3 potions of heal wounds
 j - 2 potions of curing
 k - a potion of magic
 o - 3 potions of flight
 v - a potion of lignification
 H - 4 potions of mutation
 S - a potion of agility
Comestibles
 d - 11 bread rations
 x - 4 meat rations
 D - 16 fruits
 F - 4 royal jellies


   Skills:
 + Level 8.2 Fighting
 + Level 4.3 Armour
 - Level 1.5 Dodging
 - Level 15.0 Stealth
 - Level 3.0 Spellcasting
 + Level 4.6 Conjurations
 - Level 1.0 Summonings
 - Level 1.0 Translocations
 - Level 3.2 Air Magic
 - Level 6.0 Poison Magic
 - Level 8.0 Invocations


You had 8 spell levels left.
You knew the following spells:

 Your Spells              Type           Power        Failure   Level  Hunger
a - Magic Dart            Conj           ####         1%          1    None
b - Blink                 Tloc           N/A          10%         2    #......
q - Call Imp              Summ           ##......     10%         2    #......
s - Mephitic Cloud        Conj/Pois/Air  ####....     4%          3    ##.....


Dungeon Overview and Level Annotations

Branches:
Dungeon (10/15)            Temple (0/1) D:4            Lair (0/6) D:8
    Orc (0/2) D:9

Altars:
Cheibriados
Okawaru
Sif Muna
Zin
The Shining One

Shops:
D:4 }   D:8 =

Annotations:
D:5 GameOver's ghost, novice NaWz


Innate Abilities, Weirdness & Mutations

You cannot wear boots.
Your serpentine skin is tough. (AC +3)
You have supernaturally acute eyesight. (SInv)
Armour fits poorly on your strangely shaped body.
Your system is resistant to poisons. (rPois)
You cover ground very slowly.
You have a slow metabolism.
You can spit poison.


Message History

Your +0 troll leather armour unmelds from your body.
You feel resistant to poison.
You feel sick. The wyvern skeleton closely misses you.
The wyvern skeleton bites you!
* * * LOW HITPOINT WARNING * * *
Unknown command.
The flow of time bends around you.
Cheibriados rebukes the wyvern skeleton.
The wyvern skeleton seems to slow down.
You feel slightly more hungry.
You feel sick. The wyvern skeleton bites you.
* * * LOW HITPOINT WARNING * * *
The wyvern skeleton bites you.
* * * LOW HITPOINT WARNING * * *
Wield which item (- for none, * to show all)? (? for menu, Esc to quit)
Your +2 flail of freezing stops glowing.
You hear the crackle of electricity.
w - a +1 war axe of electrocution (weapon)
You hit the wyvern skeleton but do no damage.
The wyvern skeleton is moderately damaged.
You feel sick. The wyvern skeleton bites you!
You die...

.......).).#
#..........#
#..........########
#..................
#.######..########..
. #####..########..
.(.((.............
.....()((Z........
.....())@.........
...)#######.......
.... ....... ...
..PP... ## ..(≈..#
.≈≈≈P.# #≈≈≈P.#
.(.(..


You could see a wyvern skeleton.

Vanquished Creatures
  A hydra (D:10)
  An ogre mage (D:10)
  A two-headed ogre (D:8)
  A centaur warrior (D:9)
  A wizard (D:9)
  A wolf spider (D:10)
  Maurice (D:10)
  A gargoyle (D:10)
  A troll (D:9)
  A meliai (D:10)
  A spriggan (D:8)
  4 yaks (D:9)
  A wyvern (D:9)
  A hungry ghost (D:9)
  A water moccasin (D:7)
  An orc warrior (D:10)
  An ice beast (D:10)
  2 phantoms
  2 black bears (D:8)
  A necrophage (D:9)
  3 sky beasts
  An eye of draining (D:9)
  3 ogres
  2 centaurs
  6 bullfrogs
  Blork the orc (D:6)
  A wyvern zombie (D:7)
  A scorpion (D:6)
  9 wights
  5 howler monkeys
  2 electric eels (D:10)
  5 crimson imps
  6 hounds
  5 jellies
  2 centaur skeletons
  3 orc priests (D:4)
  3 bullfrog skeletons
  5 orc wizards
  3 iguanas
  9 worker ants
  A hound skeleton (D:9)
  A worker ant zombie (D:6)
  11 adders
  3 gnolls (D:6)
  An ooze (D:1)
  An adder zombie (D:5)
  4 adder skeletons
  2 worms
  5 dart slugs
  6 leopard geckos
  25 orcs
  2 giant cockroaches
  13 goblins
  7 hobgoblins
  8 jackals
  8 quokkas
  5 bats
  4 frilled lizards
  4 kobolds
  2 quokka skeletons
  A quokka zombie (D:5)
  7 rats
221 creatures vanquished.

Notes
Turn   | Place    | Note
-------+----------+-------------------------------------------
     0 | D:1      | GameOver the Naga Wizard began the quest for the Orb.
     0 | D:1      | Reached XP level 1. HP: 15/15 MP: 4/4
   143 | D:1      | Reached XP level 2. HP: 22/22 MP: 3/6
   273 | D:1      | Reached skill level 4 in Stealth
   381 | D:1      | Reached XP level 3. HP: 28/28 MP: 5/7
   482 | D:1      | Learned a level 2 spell: Blink
   486 | D:1      | Learned a level 3 spell: Mephitic Cloud
   489 | D:1      | Learned a level 2 spell: Call Imp
   731 | D:2      | Found a snail-covered altar of Cheibriados.
   748 | D:2      | Became a worshipper of Cheibriados the Contemplative
   794 | D:2      | Reached XP level 4. HP: 35/36 MP: 2/8
   969 | D:2      | Found a glowing golden altar of the Shining One.
   974 | D:2      | Reached skill level 5 in Stealth
  1029 | D:2      | Reached * piety under Cheibriados
  1200 | D:3      | Reached skill level 1 in Air Magic
  1421 | D:3      | Reached skill level 1 in Poison Magic
  1434 | D:3      | Reached skill level 1 in Invocations
  1434 | D:3      | Reached XP level 5. HP: 42/42 MP: 4/9
  1495 | D:3      | Found a deep blue altar of Sif Muna.
  1496 | D:3      | Found a glowing silver altar of Zin.
  1515 | D:3      | Reached ** piety under Cheibriados
  1850 | D:4      | Reached XP level 6. HP: 31/49 MP: 6/10
  1860 | D:4      | Reached skill level 6 in Stealth
  1940 | D:4      | Found Sigru's Gadget Shop.
  2111 | D:4      | Found a staircase to the Ecumenical Temple.
  2341 | D:5      | Entered Level 5 of the Dungeon
  2346 | D:5      | Reached XP level 7. HP: 52/55 MP: 8/11
  2393 | D:5      | Noticed GameOver's ghost (novice NaWz)
  2401 | D:5      | Reached *** piety under Cheibriados
  2426 | D:6      | Reached skill level 7 in Stealth
  2508 | D:6      | Reached skill level 8 in Stealth
  2508 | D:6      | Reached XP level 8. HP: 18/62 MP: 5/12
  2524 | D:5      | Found an iron altar of Okawaru.
  2738 | D:5      | Reached skill level 5 in Poison Magic
  2738 | D:5      | Reached skill level 5 in Invocations
  2973 | D:6      | Noticed Blork the orc
  2979 | D:6      | Killed Blork the orc
  3016 | D:6      | Reached skill level 9 in Stealth
  3070 | D:6      | Reached **** piety under Cheibriados
  3511 | D:7      | Reached skill level 10 in Stealth
  3570 | D:7      | Reached skill level 1 in Fighting
  3584 | D:7      | Reached XP level 9. HP: 47/70 MP: 10/13
  4082 | D:8      | Reached skill level 11 in Stealth
  4319 | D:8      | Noticed a two-headed ogre
  4337 | D:8      | Killed a two-headed ogre
  4337 | D:8      | Reached skill level 12 in Stealth
  4592 | D:8      | Found Ixyhoehi's Jewellery Emporium.
  4601 | D:8      | Found a staircase to the Lair.
  4737 | D:8      | Reached XP level 10. HP: 82/87 MP: 16/16
  5018 | D:9      | Found a staircase to the Orcish Mines.
  5053 | D:9      | Reached skill level 5 in Fighting
  5074 | D:9      | Reached ***** piety under Cheibriados
  5086 | D:9      | Reached skill level 13 in Stealth
  5290 | D:9      | Noticed a wizard
  5298 | D:9      | Noticed a centaur warrior
  5309 | D:9      | Killed a wizard
  5309 | D:9      | Reached skill level 1 in Armour
  5346 | D:9      | Killed a centaur warrior
  5622 | D:9      | Reached skill level 14 in Stealth
  6232 | D:10     | Entered Level 10 of the Dungeon
  6465 | D:10     | Noticed Maurice
  6467 | D:10     | Reached XP level 11. HP: 100/100 MP: 17/17
  6473 | D:10     | Killed Maurice
  6541 | D:10     | Noticed an ogre mage
  6544 | D:10     | Noticed a wolf spider
  6552 | D:10     | Noticed a four-headed hydra
  6552 | D:10     | Killed an ogre mage
  6558 | D:10     | Killed a four-headed hydra
  6564 | D:10     | Killed a wolf spider
  6564 | D:10     | Reached skill level 15 in Stealth
  6568 | D:10     | Slain by a wyvern skeleton

Vault maps used:
D:1:      roderic_crop_circles_arrival_small, minmay_splitting_lines,
          minmay_misc_feat_rugged, hangedman_decor_points
D:2:      cheibriados_altar_1, first_bread, nicolae_tso_swordbearing_angel
D:3:      nicolae_overflow_hidden_temple
D:4:      corexii_shack_village, temple_hall, serial_shops, shop
D:5:      minmay_misc_feat_five, hangedman_decor_lopped, okawaru_trees_1
D:6:      dk_vineyard_2, uniq_blork_the_orc
D:8:      lair_entry_dummy, serial_shops, shop, the_bakery, lemuel_old_faithful
D:9:      minmay_curly_fans, orc_0_dummy
D:10:     serial_bayou, serial_bayou_pond_d, serial_bayou_crossing,
          serial_bayou_pond_d, serial_bayou_pond_c, serial_bayou_lagoon_b,
          serial_bayou_ford_a, minivault_28, uniq_maurice

Skill      XL: |  1  2  3  4  5  6  7  8  9 10 11 |
---------------+----------------------------------+-----
Conjurations   | 2 3 4 |  4.6
Stealth        | 4 5 6 8 10 12 14 15 | 15.0
Air Magic      | 1 2 3 |  3.2
Poison Magic   | 1 2 4 6 |  6.0
Invocations    | 1 2 4 6 8 |  8.0
Fighting       | 1 4 7 8 |  8.2
Armour         | 3 4 |  4.3
Dodging        | |  1.5
Spellcasting   | |  3.0
Summonings     | |  1.0
Translocations | |  1.0

Action                   |  1- 3 |  4- 6 |  7- 9 | 10-12 || total
-------------------------+-------+-------+-------+-------++-------
Melee: Dagger            |    28 |     5 |    10 |     2 ||    45
       Unarmed           |     1 |       |       |       ||     1
       War axe           |       |    35 |   162 |    84 ||   281
       Flail             |       |       |       |     7 ||     7
 Fire: Shortbow          |       |       |    97 |   121 ||   218
 Cast: Magic Dart        |    38 |    80 |    39 |     4 ||   161
       Mephitic Cloud    |       |       |     9 |    19 ||    28
Invok: Temporal Distorti |       |       |     1 |     1 ||     2
       Bend Time         |       |       |     1 |     5 ||     6
       Slouch            |       |       |       |     4 ||     4
 Abil: Spit Poison       |    37 |    44 |    45 |    34 ||   160
  Use: Scroll            |       |    11 |     1 |     3 ||    15
       Potion            |       |       |     5 |     2 ||     7
 Stab: Sleeping          |     2 |     2 |     5 |     2 ||    11
       Confused          |       |       |     3 |     4 ||     7
  Eat: Chunk             |     1 |     6 |    18 |     7 ||    32
Armor: Robe              |    13 |    11 |    58 |    28 ||   110
       Skin              |       |       |    12 |    25 ||    37
       Troll leather arm |       |       |       |    15 ||    15
Dodge: Dodged            |    24 |    24 |   101 |    68 ||   217
